 Dungeon Crawl Stone Soup version 0.23.2-30-g0e89c35649 (webtiles) character file.

Game seed: 1929104147806808545

216 funkygono the Skirmisher (level 6, 0/73 HPs)
             Began as a Formicid Abyssal Knight on June 16, 2019.
             Was a Believer of Lugonu.
             Slain by Pikel
             ... wielding a +2 whip of flaming
              (2 damage)
             ... on level 4 of the Dungeon.
             The game lasted 00:08:10 (3875 turns).

funkygono the Skirmisher (Formicid Abyssal Knight)  Turns: 3875, Time: 00:08:11

Health: 0/73       AC: 23    Str: 18    XL:     6   Next: 16%
Magic:  7/7        EV:  2    Int: 17    God:    Lugonu [**....]
Gold:   107        SH:  0    Dex: 10    Spells: 5/5 levels left

rFire    . . .     SeeInvis .   a - +1 mace
rCold    . . .     Gourm    .   (no shield)
rNeg     + + +     Faith    .   (armour currently unavailable)
rPois    +         Spirit   .   (helmet unavailable)
rElec    .         Reflect  .   (cloak currently unavailable)
rCorr    .         Harm     .   (gloves currently unavailable)
MR       +....                  (boots currently unavailable)
Stlth    +.........             (no amulet)
HPRegen  0.22/turn              l - ring of protection from magic
MPRegen  0.10/turn              (no ring)

@: brilliant, tree-form
A: permanent stasis, dig shafts and tunnels, four strong arms
a: Depart the Abyss, Bend Space, Renounce Religion


You were on level 4 of the Dungeon.
You worshipped Lugonu.
Lugonu was pleased with you.
You were not hungry.
You were a tree.
You visited 1 branch of the dungeon, and saw 4 of its levels.
You visited the Abyss 1 time.

You collected 107 gold pieces.

Inventory:

Hand Weapons
 a - a +1 mace (weapon)
Missiles
 e - 219 stones (quivered)
Armour
 b - a +0 leather armour (melded)
 f - a +0 cloak (melded)
 r - a +0 pair of gloves (melded)
Magical Staves
 k - an uncursed staff of power
Jewellery
 l - a ring of protection from magic (left branch)
Scrolls
 d - 2 scrolls of remove curse
 g - 3 scrolls of immolation
 q - 2 scrolls of fog
Comestibles
 c - 4 rations
 i - 6 chunks of flesh


   Skills:
 * Level 4.7 Fighting
 + Level 3.8 Maces & Flails
 * Level 3.5 Armour
 + Level 1.4 Dodging
 + Level 0.8 Stealth
 + Level 2.3 Invocations


You had 5 spell levels left.
You didn't know any spells.
Your spell library was empty.

Dungeon Overview and Level Annotations

Branches:
Dungeon (4/15)
 Temple: D:4-7

Altars:
Elyvilon
Trog
Uskayaw
Wu Jian

Annotations:
D:4 Pikel


Innate Abilities, Weirdness & Mutations

You cannot be hasted, slowed, berserked, paralysed or teleported.
You can dig through walls and to a lower floor.
Your four strong arms can wield two-handed weapons with a shield.
((You have a pair of large antennae on your head. (SInv)))


Message History

You hit Pikel but do no damage.
Pikel is heavily wounded.
Pikel hits you but does no damage.
You hit Pikel but do no damage.
Pikel is moderately wounded.
Pikel hits you with a +2 whip of flaming.
* * * LOW HITPOINT WARNING * * *
Pikel burns you.
* * * LOW HITPOINT WARNING * * *
You barely miss Pikel.
Pikel is moderately wounded.
Pikel hits you but does no damage. Pikel waves his whip at you.
Pikel hits you but does no damage.
You hit Pikel.
Pikel is heavily wounded.
Pikel hits you with a +2 whip of flaming.
* * * LOW HITPOINT WARNING * * *
Pikel burns you.
You die...

#.......#..####.#)##
#.......#..##...#)#
#.......#..##...#)#
............##...#.##
.#######..#..........
..# #.............
#.# #..##.###.#..#
#.# #.........#..# {
#♣# #.............
#K# #..##.###.#..# {
#o###..##.###.#...
##................. {
#...........<..# .#
##.####.##.#.# #.#
#.# .#.#
.............# #
....##..####.#


You could see Pikel and an orc.

Vanquished Creatures
  A slave (D:4)
  An orc priest (D:3)
  A worker ant zombie (D:4)
  6 adders
  6 worms
  2 dart slugs
  4 leopard geckos
  14 orcs
  7 bats
  5 giant cockroaches
  8 goblins
  5 hobgoblins
  5 kobolds
  5 quokkas
  6 frilled lizards
  12 rats
88 creatures vanquished.

Notes
Turn   | Place    | Note
-------+----------+-------------------------------------------
     0 | Abyss:1  | funkygono the Formicid Abyssal Knight began the quest for
                  | the Orb.
     0 | Abyss:1  | Reached XP level 1. HP: 18/18 MP: 2/2
    29 | Abyss:1  | Noticed a quasit
    45 | D:1      | Escaped the Abyss
   499 | D:1      | Reached XP level 2. HP: 24/24 MP: 3/3
   598 | D:1      | Reached * piety under Lugonu
  1142 | D:2      | Reached XP level 3. HP: 26/30 MP: 4/4
  1150 | D:2      | Reached skill level 1 in Dodging
  1770 | D:2      | Found a white marble altar of Elyvilon.
  1815 | D:2      | Found an ornate altar of the Wu Jian Council.
  1822 | D:2      | Found a hide-covered altar of Uskayaw.
  1827 | D:2      | Reached skill level 4 in Fighting
  1827 | D:2      | Reached XP level 4. HP: 27/37 MP: 5/5
  2438 | D:3      | Reached XP level 5. HP: 20/43 MP: 6/6
  2538 | D:3      | Reached ** piety under Lugonu
  3058 | D:3      | Found a bloodstained altar of Trog.
  3236 | D:3      | Reached XP level 6. HP: 32/49 MP: 7/7
  3648 | D:4      | Noticed a slave
  3673 | D:4      | Killed a slave
  3676 | D:4      | HP: 2/49 [orc/+0 flail (4)]
  3847 | D:4      | Noticed Pikel
  3875 | D:4      | HP: 2/73 [Pikel/+2 whip of flaming (3)]
  3875 | D:4      | Slain by Pikel

Skill      XL: |  1  2  3  4 |
---------------+-------------+-----
Dodging        | 1 |  1.4
Fighting       | 4 |  4.7
Maces & Flails | 3 |  3.8
Armour         | 3 |  3.5
Stealth        | |  0.8
Invocations    | |  2.3

Action                   |  1- 3 |  4- 6 || total
-------------------------+-------+-------++-------
Melee: Mace              |   104 |   237 ||   341
Throw: Stone             |       |     2 ||     2
Invok: Depart the Abyss  |     1 |       ||     1
  Use: Scroll            |     2 |     2 ||     4
       Potion            |       |     7 ||     7
 Stab: Sleeping          |       |     2 ||     2
  Eat: Chunk             |     3 |     7 ||    10
Armor: Leather armour    |    43 |    83 ||   126
       Skin              |       |     4 ||     4
Dodge: Dodged            |    85 |   124 ||   209
